 Dungeon Crawl Stone Soup version 0.26-a0-712-ga5a9c9c9d0 (webtiles) character file.

Game seed: 11671170310110289021

87127 graki42 the Eclecticist (level 15, -6/72 HPs)
             Began as a Deep Elf Conjurer on Nov 9, 2020.
             Was a High Priest of Vehumet.
             Killed by mirror damage (20 damage)
             ... on level 14 of the Dungeon.
             The game lasted 02:29:34 (34006 turns).

graki42 the Eclecticist (Deep Elf Conjurer)        Turns: 34006, Time: 02:29:35

Health: -6/72      AC: 16    Str:  8    XL:     15   Next: 42%
Magic:  31/41      EV: 18    Int: 35    God:    Vehumet [*****.]
Gold:   2005       SH:  0    Dex: 13    Spells: 34/55 levels left

rFire    + . .     SeeInvis .   C - staff of conjuration
rCold    . . .     Faith    .   (no shield)
rNeg     . . .     Spirit   .   P - +5 steam dragon scales
rPois    .         Reflect  .   m - +1 helmet {Int+3}
rElec    .         Harm     .   H - +0 cloak
rCorr    .         Rampage  .   i - +2 pair of gloves
MR       +....                  (no boots)
Stlth    +++.......             (no amulet)
HPRegen  0.22/turn              S - +6 ring of intelligence
MPRegen  0.27/turn              Q - ring of protection from fire

@: no status effects
A: no striking features
a: Renounce Religion


You were on level 14 of the Dungeon.
You worshipped Vehumet.
Vehumet was extremely pleased with you.
You visited 4 branches of the dungeon, and saw 23 of its levels.
You also visited: Bailey.

You collected 2652 gold pieces.
You spent 647 gold pieces at shops.

Inventory:

Hand Weapons
 G - the +9 spear "Kach" {freeze, rPois MR+}
   (You found it on level 7 of the Dungeon)

   It has been specially enchanted to freeze those struck by it, causing extra
   injury to most foes and up to half again as much damage against particularly
   susceptible opponents.
   It can also slow down cold-blooded creatures.
   It protects you from poison.
   It affects your resistance to hostile enchantments.
 I - the +5 mace of Destruction {vamp, +Inv Dex+3}
   (You found it on level 12 of the Dungeon)

   It inflicts no extra harm, but heals its wielder when it wounds a living foe.
   It affects your dexterity (+3).
   It lets you turn invisible.
Armour
 e - a +2 robe of magic resistance
 i - a +2 pair of gloves (worn)
 m - a +1 helmet of intelligence (worn)
 H - a +0 cloak (worn)
 P - +5 steam dragon scales (worn)
Magical Staves
 C - an uncursed staff of conjuration (weapon)
Jewellery
 j - an uncursed ring of protection from fire
 p - an uncursed ring of stealth
 N - an uncursed ring of positive energy
 Q - a ring of protection from fire (right hand)
 S - a +6 ring of intelligence (left hand)
 T - the ring of Divine Intervention {Fire MR+ Str+2 Stlth-}
   (You found it on level 6 of the Lair of Beasts)

   [ring of fire]

   It enhances your fire magic.
   It affects your strength (+2).
   It protects you from fire.
   It makes you vulnerable to cold.
   It affects your resistance to hostile enchantments.
   It makes you less stealthy.
Wands
 F - a wand of flame (23)
 O - a wand of iceblast (8)
Scrolls
 f - 8 scrolls of fear
 g - 8 scrolls of remove curse
 l - 4 scrolls of immolation
 n - 3 scrolls of magic mapping
 o - 6 scrolls of fog
 s - 8 scrolls of teleportation
 u - 3 scrolls of amnesia
 w - 9 scrolls of blinking
 x - a scroll of enchant armour
 y - 2 scrolls of identify
 B - 5 scrolls of enchant weapon
 D - a scroll of summoning
 J - a scroll of vulnerability
Potions
 a - a potion of heal wounds
 b - 3 potions of lignification
 c - 6 potions of resistance
 d - 3 potions of haste
 h - 11 potions of curing {unknown}
 k - 3 potions of magic
 q - 5 potions of brilliance {unknown}
 r - 5 potions of stabbing {unknown}
 t - 4 potions of flight {unknown}
 v - 4 potions of mutation {unknown}
 z - a potion of berserk rage
 A - 3 potions of ambrosia
 E - a potion of cancellation
 L - 3 potions of invisibility


   Skills:
 - Level 10.0 Dodging
 - Level 7.0 Stealth
 + Level 20.8 Spellcasting
 + Level 18.6 Conjurations
 - Level 7.0 Hexes
 - Level 3.0 Translocations
 + Level 6.1 Earth Magic


You had 34 spell levels left.
You knew the following spells:

 Your Spells              Type           Power        Failure   Level
a - Magic Dart            Conj           ####         0%          1
b - Searing Ray           Conj           ######       0%          2
c - Fulminant Prism       Conj/Hex       ########..   1%          4
d - Iskenderun's Mystic   Conj/Tloc      ########     1%          4
e - Iskenderun's Battles  Conj           ########     0%          5
f - Lee's Rapid Deconstr  Erth           ######....   1%          5

Your spell library contained the following spells:

 Spells                   Type           Power        Failure   Level
 Freezing Cloud           Conj/Ice/Air   #######...   2%          6
 Dazzling Flash           Conj/Hex       ######       0%          3
 Corona                   Hex            ######.      1%          1
 Freeze                   Ice            ####         1%          1
 Summon Small Mammal      Summ           ####         1%          1
 Blink                    Tloc           N/A          1%          2
 Call Imp                 Summ           #####...     1%          2
 Ensorcelled Hibernation  Hex/Ice        ######       1%          2
 Slow                     Hex            ######..     1%          2
 Confusing Touch          Hex            ######..     1%          3
 Conjure Flame            Conj/Fire      ########     1%          3
 Frozen Ramparts          Ice            #####.       1%          3
 Gell's Gravitas          Tloc           ######....   1%          3
 Lesser Beckoning         Tloc           ######....   1%          3
 Mephitic Cloud           Conj/Pois/Air  #######.     1%          3
 Static Discharge         Conj/Air       ########     1%          3
 Summon Guardian Golem    Hex/Summ       ######..     1%          3
 Teleport Other           Tloc           ######..     1%          3
 Tukima's Dance           Hex            ######..     1%          3
 Hailstorm                Conj/Ice       ########     1%          4
 Bolt of Magma            Conj/Fire/Erth #######...   1%          5
 Lightning Bolt           Conj/Air       ########..   1%          5
 Iron Shot                Conj/Erth      ########..   1%          6
 Orb of Destruction       Conj           ########..   1%          7
 Call Canine Familiar     Summ           #####...     2%          3
 Ozocubu's Armour         Ice            #####...     2%          3
 Passage of Golubria      Tloc           N/A          2%          4
 Spellforged Servitor     Conj/Summ      ########..   4%          7
 Summon Ice Beast         Ice/Summ       #####...     9%          4
 Summon Lightning Spire   Summ/Air       #####...     9%          4
 Ignition                 Fire           #####.....   100%        8
 Shatter                  Erth           ######....   100%        9
 Tornado                  Air            #####.....   100%        9


Dungeon Overview and Level Annotations

Branches:
Dungeon (14/15)            Temple (1/1) D:4            Lair (6/6) D:9
 Shoals (0/4) Lair:2       Spider (0/4) Lair:3        Slime (0/5) Lair:5
    Orc (2/2) D:12            Elf (0/3) Orc:2        Bailey (visited)
 Vaults: D:13-14

Altars:
Ashenzari
Cheibriados
Dithmenos
Elyvilon
Fedhas
Gozag
Hepliaklqana
Kikubaaqudgha
Makhleb
Nemelex Xobeh
Okawaru
Qazlal
Ru
Sif Muna
Trog
Uskayaw
Vehumet
Wu Jian
Xom
Yredelemnul
Zin
The Shining One
Beogh

Shops:
D:5 *   Orc:2 :*[(

Annotations:
D:9 Gastronok


Message History

Press: ? - help, Dir - move target cursor You feel a surge of power!
You conjure a prism of explosive energy!
A fulminant prism comes into view.
The death knight offers itself to Yredelemnul, and fills with unholy energy.
Your fulminant prism crackles loudly.
Unknown command.
The death knight hits your fulminant prism with a +3 glaive!
Your fulminant prism explodes!
The blast of energy engulfs the death knight!!!
The death knight is heavily wounded.
The death knight reflects your damage back at you!
* * * LOW HITPOINT WARNING * * *
Your fulminant prism crackles loudly.
You hear two shouts! x2
Your fulminant prism explodes!
The blast of energy engulfs the death knight!!
The death knight is almost dead.
The death knight reflects your damage back at you!
You die...

#..# #.......# #..#
#.......# #..#
#...?...# #..#
#.p.....# #..# #..#
#.......# .# #..#
#..####.......# .#
#..# #.............#
.# #..#
#..)..........# [#
#..# #).)<.@.......#
.#
#..#####..####.#######
.# #.........# #.# .#
#.........# #.#
.###.#####...# #.#
.....# #...# #.#
.....# #...# #.#
.....# #...# .# .##..#
#...#


You could see a death knight (reflects damage).

Vanquished Creatures
  Jorgrun (D:13)
  An orc warlord (Orc:2)
  A dire elephant (Lair:6)
  Snorg (Orc:1)
  A catoblepas (Lair:6)
  3 boulder beetles
  11 hydras
  The ghost of Yendr0 the Cleaver, a novice DDFi of Makhleb (D:9)
  2 centaur warriors
  3 two-headed ogres
  6 death yaks (Lair:5)
  The ghost of Queen the Abyss-Baptised, a novice DsAK of Lugonu (D:8)
  The ghost of Enish the Covert, a novice OpDe of Cheibriados (D:9)
  2 orc high priests (Orc:2)
  Urug (D:13)
  The ghost of Yendr0 the Chopper, a novice DDFi of Makhleb (D:9)
  Sonja (Lair:1)
  The ghost of graki42 the Thaumaturge, a novice DECj (D:10)
  2 unseen horrors (D:13)
  4 orc knights
  3 lindwurms (Lair:6)
  2 ugly things (D:11)
  A deep elf mage (D:12)
  4 orc sorcerers
  An oklob plant (D:5)
  3 manticores
  5 cyclopes
  3 elephants (Lair:4)
  Maurice (D:8)
  2 black mambas (Lair:6)
  3 gargoyles
  Maggie (Lair:1)
  12 komodo dragons
  14 cane toads
  5 rime drakes
  7 trolls
  11 polar bears
  A jumping spider (Lair:3)
  A harpy skeleton (D:13)
  Grinder (D:4)
  A wind drake (Lair:2)
  4 raiju (Lair:6)
  24 blink frogs
  3 redbacks (Lair:3)
  A centaur simulacrum (D:12)
  A shadow (D:12)
  A wraith (D:9)
  5 wyverns
  39 yaks
  7 basilisks
  A steam dragon (Lair:3)
  Grum (D:11)
  9 wargs
  13 hell hounds (Lair:6)
  11 water moccasins
  29 orc warriors
  15 black bears
  2 ice beasts
  A sky beast (D:11)
  27 wolves
  7 ogres
  4 phantoms
  7 centaurs
  An eye of draining (D:14)
  A necrophage (D:10)
  A big kobold (D:8)
  20 bullfrogs
  2 gnoll sergeants
  A wyvern zombie (D:12)
  4 scorpions
  2 wyvern skeletons
  22 killer bees
  18 wights
  3 howler monkeys
  3 bullfrog zombies
  6 centaur zombies
  5 hounds
  A quasit (D:10)
  10 orc priests
  5 centaur skeletons
  2 jellies
  3 bullfrog skeletons
  Jessica (D:2)
  2 gnoll shamans (D:3)
  5 iguanas
  16 orc wizards
  4 worker ants
  A hound zombie (D:10)
  A hound skeleton (D:11)
  A worker ant zombie (D:10)
  52 gnolls
  2 howler monkey skeletons
  15 adders
  A shadow imp (D:9)
  3 white imps
  3 ufetubi
  2 oozes (D:4)
  2 adder zombies (D:9)
  3 adder skeletons
  5 worms
  5 leopard geckos
  58 orcs
  5 giant cockroaches
  10 goblins
  4 hobgoblins
  21 jackals
  24 kobolds
  9 quokkas
  9 bats
  3 frilled lizards
  2 jackal skeletons (D:4)
  A jackal zombie (D:8)
  7 rats
  2 butterflies (Lair:4)
  3 fulminant prisms
731 creatures vanquished.

Vanquished Creatures (others)
  300 fulminant prisms
  111 fungi
  129 plants
  A withered plant (D:10)
541 creatures vanquished.

Grand Total: 1272 creatures vanquished

Notes
Turn   | Place    | Note
-------+----------+-------------------------------------------
     0 | D:1      | graki42 the Deep Elf Conjurer began the quest for the Orb.
     0 | D:1      | Reached XP level 1. HP: 10/10 MP: 6/6
   346 | D:1      | Reached XP level 2. HP: 15/15 MP: 5/8
   350 | D:1      | Learned a level 2 spell: Searing Ray
   622 | D:2      | Noticed Jessica
   687 | D:2      | Reached skill level 5 in Conjurations
   688 | D:2      | Killed Jessica
   688 | D:2      | Reached XP level 3. HP: 19/19 MP: 1/9
  1340 | D:3      | Reached XP level 4. HP: 24/24 MP: 5/11
  1433 | D:3      | Learned a level 4 spell: Fulminant Prism
  1640 | D:3      | Reached XP level 5. HP: 25/28 MP: 4/12
  1652 | D:2      | Learned a level 4 spell: Iskenderun's Mystic Blast
  1757 | D:3      | Reached skill level 4 in Spellcasting
  2635 | D:3      | Reached XP level 6. HP: 22/32 MP: 6/14
  3004 | D:3      | Reached skill level 5 in Spellcasting
  3019 | D:3      | Reached XP level 7. HP: 24/36 MP: 1/16
  3335 | D:3      | Reached skill level 5 in Stealth
  4100 | D:4      | Noticed Grinder
  4168 | D:3      | Reached skill level 5 in Dodging
  4168 | D:3      | Reached skill level 6 in Spellcasting
  4383 | D:4      | Found a staircase to the Ecumenical Temple.
  4392 | Temple   | Entered the Ecumenical Temple
  5065 | D:4      | Reached XP level 8. HP: 41/41 MP: 16/19
  5258 | D:4      | Killed Grinder
  5401 | D:4      | Reached skill level 7 in Spellcasting
  5759 | D:5      | Entered Level 5 of the Dungeon
  5889 | D:5      | Found a sacrificial altar of Ru.
  6276 | D:5      | Found a sparkling altar of Nemelex Xobeh.
  6285 | D:5      | Found a blossoming altar of Fedhas.
  6322 | D:5      | Noticed an oklob plant
  6336 | D:5      | Killed an oklob plant
  6336 | D:5      | Reached skill level 8 in Spellcasting
  6634 | D:5      | Found Zin's Purification Station.
  6634 | D:5      | Found a glowing silver altar of Zin.
  6682 | D:5      | Reached XP level 9. HP: 45/45 MP: 19/23
  6866 | D:5      | Found a white marble altar of Elyvilon.
  7145 | D:6      | Reached skill level 9 in Spellcasting
  7182 | D:6      | Found a stormy altar of Qazlal.
  7541 | D:6      | Found an opulent altar of Gozag.
  8209 | D:7      | Reached skill level 10 in Spellcasting
  8210 | D:7      | Reached skill level 10 in Conjurations
  8294 | D:7      | Found an iron altar of Okawaru.
  8379 | D:7      | Got a warped spear
  8385 | D:7      | Identified the +9 spear "Kach" {freeze, rPois MR+} (You
                  | found it on level 7 of the Dungeon)
  8911 | D:8      | Reached skill level 11 in Spellcasting
  8994 | D:8      | Noticed Maurice
  9005 | D:8      | Killed Maurice
  9006 | D:8      | Reached XP level 10. HP: 39/50 MP: 7/27
  9841 | D:8      | Found a hazy altar of Hepliaklqana.
 10104 | D:9      | Noticed Gastronok
 10399 | D:9      | Found a shadowy altar of Dithmenos.
 10437 | D:9      | Reached skill level 12 in Spellcasting
 10474 | D:9      | Found an ancient bone altar of Kikubaaqudgha.
 10571 | D:9      | Found a basalt altar of Yredelemnul.
 10981 | D:9      | Found a radiant altar of Vehumet.
 10984 | D:9      | Became a worshipper of Vehumet
 11086 | D:9      | Found a runed translucent gate.
 11087 | D:9      | Found a runed translucent gate.
 11087 | D:9      | Found a runed translucent gate.
 11088 | D:9      | Noticed Queen's ghost (novice DsAK)
 11089 | D:9      | Noticed Enish's ghost (novice OpDe)
 11089 | D:9      | Noticed Yendr0's ghost (novice DDFi)
 11606 | D:9      | Killed Enish's ghost
 11606 | D:9      | Reached skill level 13 in Spellcasting
 11636 | D:9      | Killed Yendr0's ghost
 11828 | D:9      | Found a staircase to the Lair.
 12224 | D:8      | Killed Queen's ghost
 12392 | D:10     | Entered Level 10 of the Dungeon
 12424 | Lair:1   | Entered Level 1 of the Lair of Beasts
 12443 | Lair:1   | Reached XP level 11. HP: 54/54 MP: 14/30
 12566 | Lair:1   | Noticed Maggie
 12575 | Lair:1   | Killed Maggie
 12864 | Lair:1   | You fall into a shaft and drop 1 floor!
 13065 | Lair:2   | Reached skill level 14 in Spellcasting
 14603 | Lair:2   | Found a staircase to the Shoals.
 14931 | Lair:1   | Reached * piety under Vehumet
 14931 | Lair:1   | Offered knowledge of Foxfire by Vehumet.
 14931 | Lair:1   | Reached skill level 15 in Spellcasting
 14939 | Lair:1   | Noticed Sonja
 14947 | Lair:1   | Killed Sonja
 15706 | Lair:3   | Noticed a five-headed hydra
 15711 | Lair:3   | Killed a five-headed hydra
 15711 | Lair:3   | Reached XP level 12. HP: 59/59 MP: 23/33
 16058 | Lair:3   | Noticed a six-headed hydra
 16072 | Lair:3   | Killed a six-headed hydra
 16334 | Lair:3   | Found a hole to the Spider Nest.
 17057 | Lair:4   | Reached skill level 10 in Dodging
 17402 | Lair:4   | Reached skill level 16 in Spellcasting
 17662 | Lair:4   | Reached skill level 1 in Hexes
 17665 | Lair:4   | Reached skill level 1 in Translocations
 18099 | Lair:5   | Reached ** piety under Vehumet
 18099 | Lair:5   | Offered knowledge of Sandblast by Vehumet.
 18398 | Lair:5   | Noticed a death yak
 18419 | Lair:5   | Killed a death yak
 18419 | Lair:5   | Reached skill level 15 in Conjurations
 18501 | Lair:5   | Noticed a four-headed hydra
 18506 | Lair:5   | Killed a four-headed hydra
 18605 | Lair:5   | Noticed a four-headed hydra
 18615 | Lair:5   | Killed a four-headed hydra
 19140 | Lair:5   | Reached XP level 13. HP: 63/63 MP: 25/35
 19249 | Lair:5   | Found a staircase to the Slime Pits.
 19463 | Lair:5   | Offered knowledge of Frozen Ramparts by Vehumet.
 19550 | Lair:5   | Reached skill level 17 in Spellcasting
 19582 | Lair:5   | Reached skill level 5 in Hexes
 20233 | Lair:6   | Entered Level 6 of the Lair of Beasts
 20513 | Lair:6   | Reached *** piety under Vehumet
 21114 | Lair:6   | Offered knowledge of Sticky Flame by Vehumet.
 21634 | Lair:6   | Reached skill level 18 in Spellcasting
 21646 | Lair:6   | HP: 2/63 [manticore/volley of spikes (11)]
 21666 | Lair:6   | Noticed a dire elephant
 22358 | Lair:6   | Reached **** piety under Vehumet
 22712 | Lair:6   | Offered knowledge of Static Discharge by Vehumet.
 22835 | Lair:6   | Reached XP level 14. HP: 68/68 MP: 27/38
 23411 | Lair:6   | Reached skill level 19 in Spellcasting
 23547 | Lair:6   | Got a vibrating marble ring
 23549 | Lair:6   | Identified the ring of Divine Intervention {Fire MR+ Str+2
                  | Stlth-} (You found it on level 6 of the Lair of Beasts)
 23553 | Lair:6   | Got a twisted leather armour
 23763 | Lair:1   | Identified the cursed +0 leather armour of Awe {rF+ MR++
                  | Dex+2} (You found it on level 6 of the Lair of Beasts)
 23834 | D:10     | Found a runed translucent gate.
 23834 | D:10     | Found a runed translucent gate.
 23834 | D:10     | Found a runed translucent gate.
 23838 | D:10     | Noticed Yendr0's ghost (novice DDFi)
 23838 | D:10     | Noticed graki42's ghost (novice DECj)
 23876 | D:10     | Reached ***** piety under Vehumet
 23876 | D:10     | Offered knowledge of Iskenderun's Battlesphere by Vehumet.
 24133 | D:9      | Killed Yendr0's ghost
 24216 | D:10     | Killed graki42's ghost
 24287 | D:10     | Identified the +11 hand crossbow of Zamp {flame, Dex+2}
 25608 | D:11     | Learned a level 5 spell: Iskenderun's Battlesphere
 26635 | D:11     | Noticed Grum
 26638 | D:11     | Killed Grum
 26848 | D:12     | Found a staircase to the Orcish Mines.
 27101 | D:12     | Reached skill level 20 in Spellcasting
 27105 | D:12     | Offered knowledge of Lee's Rapid Deconstruction by Vehumet.
 27112 | D:12     | Learned a level 5 spell: Lee's Rapid Deconstruction
 27179 | D:12     | Reached skill level 1 in Earth Magic
 27412 | D:12     | Got a smoking mace
 27413 | D:12     | Identified the +5 mace of Destruction {vamp, +Inv Dex+3}
                  | (You found it on level 12 of the Dungeon)
 28290 | Orc:1    | Entered Level 1 of the Orcish Mines
 28656 | Orc:1    | Noticed Snorg
 28676 | Orc:1    | Killed Snorg
 28937 | Orc:2    | Entered Level 2 of the Orcish Mines
 29004 | Orc:2    | Found Hatoliaph's Antique Weapon Shoppe.
 29004 | Orc:2    | Noticed an orc warlord
 29560 | Orc:1    | HP: 1/68 [orc knight/+0 great sword (26)]
 29886 | Orc:2    | Killed an orc warlord
 30447 | Orc:2    | Paralysed by an orc sorcerer for 4 turns
 30453 | Orc:2    | Reached XP level 15. HP: 72/72 MP: 35/41
 30928 | Orc:2    | Found Husots's Antique Armour Shoppe.
 30937 | Orc:2    | Bought a pair of transparent gloves for 218 gold pieces
 30947 | Orc:2    | Identified the cursed +0 pair of gloves of Masochism
                  | {Str+4} (You bought it in a shop on level 2 of the Orcish
                  | Mines)
 31023 | Orc:2    | Offered knowledge of Freezing Cloud by Vehumet.
 31117 | Orc:2    | Bought a runed robe for 85 gold pieces
 31117 | Orc:2    | Bought a pair of runed gloves for 172 gold pieces
 31117 | Orc:2    | Bought a runed helmet for 172 gold pieces
 31166 | Orc:2    | Found Gutoxag's General Store.
 31209 | Orc:2    | Found Nubaho's Book Shoppe.
 31324 | Orc:2    | Found a roughly hewn altar of Beogh.
 31636 | Orc:2    | Found a staircase to the Elven Halls.
 32262 | D:13     | Found a flagged portal.
 32271 | Bailey   | Entered a bailey
 32598 | Bailey   | Found a bloodstained altar of Trog.
 32633 | Bailey   | Identified a scroll of acquirement
 32636 | Bailey   | Acquired a book of Power
 32742 | D:13     | Reached skill level 5 in Earth Magic
 33091 | D:13     | Noticed Urug
 33107 | D:13     | Killed Urug
 33390 | D:13     | Noticed Jorgrun
 33398 | D:13     | Killed Jorgrun
 34006 | D:14     | Killed by mirror damage

Illustrated notes

Levels and vault maps discovered:
D:1:      mushboom_english_gardens, layout_loops_ring
D:2:      minmay_spotlight, layout_loops_cross, chequers_serial_rivers_room_a,
          uniq_jessica
D:3:      lemuel_castle_with_subvaults [lemuel_castle_interior_carwin_1],
          layout_basic
D:4:      minmay_recursive_quarters, layout_loops_ring,
          minmay_temple_entry_grid, minmay_misc_feat_rows, grunt_ministairs_6,
          minivault_1, minmay_misc_feat_square, uniq_grinder
D:5:      layout_basic, tgw_fedhas, lemuel_round_altar, zin_purify,
          nemelex_xobeh_ov_fountains_minmay, overflow_temple_1_default,
          st_stairs_12, grunt_tough_drop
D:6:      layout_loops_ring, grunt_qazlal_clouds, grunt_gozag_statues
D:7:      layout_gridville, okawaru_ov_weapons_minmay, chequers_garden
D:8:      layout_loops_ring, nicolae_overflow_hidden_temple,
          chequers_serial_rivers_room_b, chequers_arboretum,
          corexii_hall_statues_l, uniq_maurice
D:9:      layout_basic, kennysheep_little_box, lemuel_crystal_altar,
          kennysheep_mini, old_standard_altar, grunt_lair_entry_orc_guard_hut,
          gammafunk_ghost_cemetery, uniq_gastronok
D:10:     minmay_blocky_corners, layout_small_grid, gammafunk_ghost_cemetery,
          minivault_20
D:11:     layout_irregular_city, uniq_grum
D:12:     minmay_distorted_concentric_squares, layout_basic, lemuel_flame_loot_1
D:13:     layout_long_grid, enter_bailey_3, uniq_urug, uniq_jorgrun
D:14:     layout_long_grid, lightli_vaults_fourway_checkpoint, dk_noncrumbling_4
Temple:   jpeg_temple_island
Lair:1:   layout_loops_ring, minivault_26, uniq_sonja, uniq_maggie
Lair:2:   layout_cave_pods, minmay_shoals_entry_beasts
Lair:3:   layout_concentric_octagons, spider_nest_entry_funnel_web,
          grunt_megastairs_5, serial_bayou_shore_b
Lair:4:   layout_regular_city, serial_bayou_shore_b, lemuel_fruit_fields,
          lemuel_fruit_tree, grunt_megastairs_4
Lair:5:   layout_hall_layers, dpeg_slime_entry_corner
Lair:6:   hangedman_lair_in_review, layout_loops_ring,
          hangedman_lair_caniforms_friends
Orc:1:    layout_diamond_mine, uniq_snorg
Orc:2:    grunt_orc_gardens, layout_caves, grunt_orc_garden, grunt_orc_garden,
          grunt_orc_garden, grunt_orc_garden, basic_altar

Skill      XL: |  1  2  3  4  5  6  7  8  9 10 11 12 13 14 15 |
---------------+----------------------------------------------+-----
Conjurations   | 5 6 7 9 11 12 14 15 16 18 | 18.6
Stealth        | 3 4 5 7 |  7.0
Spellcasting   | 4 5 6 8 11 13 15 16 18 20 | 20.8
Dodging        | 3 4 5 6 8 10 | 10.0
Hexes          | 4 7 |  7.0
Translocations | 3 |  3.0
Earth Magic    | 3 6 |  6.1

Action                   |  1- 3 |  4- 6 |  7- 9 | 10-12 | 13-15 || total
-------------------------+-------+-------+-------+-------+-------++-------
Melee: Staff             |       |       |    16 |     1 |     4 ||    21
 Cast: Magic Dart        |    30 |    39 |    32 |    26 |   145 ||   272
       Searing Ray       |     9 |    32 |    98 |    93 |   156 ||   388
       Fulminant Prism   |       |       |    11 |    98 |   194 ||   303
       Iskenderun's Myst |       |       |     1 |    46 |   134 ||   181
Evoke: Wand              |       |       |       |     1 |     1 ||     2
  Use: Scroll            |       |       |    12 |     9 |    16 ||    37
       Potion            |       |       |       |       |     2 ||     2
 Stab: Sleeping          |       |       |       |       |     1 ||     1
Armor: Robe              |     1 |     3 |     7 |     7 |       ||    18
       Steam dragon scal |       |       |       |     9 |    63 ||    72
Dodge: Dodged            |     1 |    28 |    60 |    91 |   219 ||   399

Table legend: (Time is in decaauts)
 A = Elapsed time spent in this place.
 B = Non-inter-level travel time spent in this place.
 C = Inter-level travel time spent in this place.
 D = Time resting spent in this place.
 E = Time spent auto-exploring this place.
 F = Levels seen in this place.
 G = Mean time per level.
                   A        B        C        D        E       F      G
               +--------+--------+--------+--------+--------+-----+--------+
         Total |  34113 |  32888 |   1225 |  12176 |  15541 |  24 | 1421.4 |
       Dungeon |  18620 |  17907 |    713 |   5403 |   9667 |  14 | 1330.0 |
        Temple |    233 |    210 |     23 |      0 |    205 |   1 |  233.0 |
          Lair |  11395 |  11003 |    392 |   4715 |   4775 |   6 | 1899.2 |
  Orcish Mines |   3460 |   3364 |     96 |   1862 |    873 |   2 | 1730.0 |
        Bailey |    403 |    403 |      0 |    196 |     21 |   1 |  403.0 |
               +--------+--------+--------+--------+--------+-----+--------+

Top non-repeatable levels by time:
  Lair:6: 3261 daAuts
     D:9: 2518 daAuts
     D:3: 2346 daAuts
   Orc:1: 2299 daAuts
    D:12: 1921 daAuts
  Lair:2: 1905 daAuts
  Lair:4: 1798 daAuts
  Lair:5: 1630 daAuts
  Lair:3: 1508 daAuts
     D:8: 1489 daAuts
    D:13: 1334 daAuts
     D:5: 1320 daAuts
     D:4: 1303 daAuts
    D:10: 1302 daAuts
  Lair:1: 1290 daAuts
